 Dungeon Crawl Stone Soup version 0.20.1-1-g8b1a95d (console) character file.

1785 hilaritas the Frost Mage (level 8, 0/61 HPs)
             Began as a Deep Elf Ice Elementalist on Dec 28, 2017.
             Was a Follower of Vehumet.
             Slain by a vampire (7 damage)
             ... on level 6 of the Dungeon.
             The game lasted 00:20:36 (7618 turns).

hilaritas the Frost Mage (DEIE)                     Turns: 7618, Time: 00:20:36

Health: 0/61       AC: 32    Str:  6    XL:     8   Next: 81%
Magic:  1/15       EV:  2    Int: 36    God:    Vehumet [*.....]
Gold:   386        SH:  6    Dex: 15    Spells: 5/19 levels left

rFire    + + .     SeeInvis .   D - +1 dagger {speed, Int+4 Stlth+} (curse)
rCold    + . .     Gourm    .   s - +1 buckler
rNeg     + + +     Faith    +   (armour currently unavailable)
rPois    +         Spirit   .   (helmet currently unavailable)
rElec    +         Reflect  .   (cloak currently unavailable)
rCorr    +         Harm     .   (gloves currently unavailable)
MR       +....     NoTele   +   (boots currently unavailable)
Stlth    +++.......             B - amulet of faith
Regen    0.2/turn               t - +5 ring of intelligence
MPRegen  0.2/turn               y - ring of protection from fire

@: brilliant, icy armour (expiring), tree-form, resistant, slow
A: low mp 2, magic resistance 1
a: Renounce Religion


You were on level 6 of the Dungeon.
You worshipped Vehumet.
Vehumet was aware of your devotion.
You were very hungry.
You were a tree.
You visited 1 branch of the dungeon, and saw 6 of its levels.

You collected 386 gold pieces.

Inventory:

Hand Weapons
 u - a +3 short sword of venom
 D - the cursed +1 dagger "Hidaen" (weapon) {speed, Int+4 Stlth+}
   (You found it on level 6 of the Dungeon)

   Attacks with this weapon are significantly faster.
   It affects your intelligence (+4).
   It makes you more stealthy.
   It has a curse placed upon it.
Missiles
 n - 71 arrows
Armour
 d - a +2 animal skin (melded)
 p - a +0 helmet (melded)
 s - a +1 buckler (worn)
 z - a +0 pair of boots (melded)
Jewellery
 g - an uncursed ring of see invisible
 t - a +5 ring of intelligence (left branch)
 y - a ring of protection from fire (right branch)
 B - an amulet of faith (around neck)
Wands
 q - a wand of iceblast (5/15)
 A - a wand of acid (5/15)
Scrolls
 e - 4 scrolls of identify
 h - a scroll of enchant armour
 i - 8 scrolls of remove curse
 j - 2 scrolls of teleportation
 m - a scroll of enchant weapon
Potions
 a - a potion of cancellation {unknown}
 f - a potion of resistance
 k - a potion of lignification
 l - a potion of flight {unknown}
 o - 2 potions of mutation
 r - 3 potions of might
 C - a potion of degeneration {unknown}
 E - a potion of brilliance
Books
 b - a book of Frost

   Spells                             Type                      Level
   a - Freeze                         Ice                          1
   b - Throw Frost                    Conjuration/Ice              2
   c - Ozocubu's Armour               Charms/Ice                   3
   d - Throw Icicle                   Conjuration/Ice              4
   e - Summon Ice Beast               Ice/Summoning                4
Comestibles
 c - 2 bread rations
 x - a meat ration


   Skills:
 - Level 2.4 Dodging
 - Level 2.4 Stealth
 * Level 3.0 Shields
 - Level 6.0 Spellcasting
 * Level 5.6 Conjurations
 - Level 2.2 Charms
 - Level 2.4 Summonings
 * Level 9.2 Ice Magic


You had 5 spell levels left.
You knew the following spells:

 Your Spells              Type           Power        Failure   Level  Hunger
a - Freeze                Ice            ####         1%          1    None
b - Throw Frost           Conj/Ice       ######       1%          2    None
c - Ozocubu's Armour      Chrm/Ice       ######..     1%          3    None
d - Throw Icicle          Conj/Ice       ######..     1%          4    ##.....
e - Summon Ice Beast      Ice/Summ       ######..     1%          4    ##.....


Dungeon Overview and Level Annotations

Branches:
Dungeon (6/15)
 Temple: D:4-7

Altars:
Dithmenos
Hepliaklqana
Kikubaaqudgha
Vehumet
Yredelemnul
The Shining One

Annotations:
D:6 1 transporter


Innate Abilities, Weirdness & Mutations

((You have large cloven feet.))
Your magical capacity is very low. (-20% MP)
You are resistant to hostile enchantments. (MR+)


Message History

* * * LOW HITPOINT WARNING * * *
Something bites you but does no damage.
Casting: Freeze
Confirm with . or Enter, or press ? or * to list all spells.
You can't see any susceptible monsters within range! (Use Z to cast anyway.)
Casting: Freeze
Confirm with . or Enter, or press ? or * to list all spells.
Aiming: Freeze
Press: ? - help, Shift-Dir - straight line You freeze something.
Something hits you.
* * * LOW HITPOINT WARNING * * *
Something bites you but does no damage.
You hit something but do no damage.
The phantom blinks!
Something hits you but does no damage. Something bites you but does no damage.
You hit something but do no damage. You closely miss something.
Something hits you but does no damage. Something bites you!
* * * LOW HITPOINT WARNING * * *
You feel better. Something hits you but does no damage. Something bites you!
You die...

#..................#####.
#.#############....# #.
#.#..........©#.#..#####.
#.#[......$..[#.##.##....
#.#$.###.###!.#.##.##.###
##.#_.#8#.#8#..#.#.....#
##..#(..........#...###.#
#...#⌠......W...#©..# #.#
##...#}....{.....#..##
#.###
#..#.#_.#8#{#8#..#.##
#....
######.##.#..###♣###..#.#
#.###
......"...#...........#.#
##.##
#########.#...........#.#
##.# #.#############.#
##.
#########...............#
#.
.......#####.#.##########
#. ######.# #.#.# #.
.......# #.#.# #.
#####.># #.#.# #.
#####..#####.#.# #.
#............#.#
#########.


You could see a phantom.

Vanquished Creatures
  The ghost of Agrougrou the Chopper, a novice DsFi of Okawaru (D:4)
  Sigmund (D:4)
  Eustachio (D:6)
  Menkaure (D:6)
  A sky beast (D:5)
  An ogre (D:6)
  A bullfrog (D:6)
  2 crimson imps (D:5)
  A bullfrog zombie (D:6)
  3 hounds
  A jelly (D:6)
  2 centaur skeletons
  A bullfrog skeleton (D:4)
  An orc priest (D:6)
  Terence (D:3)
  2 orc wizards
  4 worker ants
  A hound skeleton (D:5)
  Robin (D:4)
  A howler monkey zombie (D:5)
  8 gnolls
  9 adders
  An ooze (D:1)
  An adder skeleton (D:4)
  3 worms (D:2)
  2 dart slugs
  2 leopard geckos (D:3)
  11 orcs
  2 ball pythons
  5 giant cockroaches
  18 goblins
  16 hobgoblins
  2 jackals (D:1)
  3 quokkas
  9 bats
  6 frilled lizards
  4 kobolds
  4 rats
134 creatures vanquished.

Vanquished Creatures (collateral kills)
  A bullfrog zombie (D:6)
  A shadow imp (D:6)
2 creatures vanquished.

Grand Total: 136 creatures vanquished

Notes
Turn   | Place    | Note
-------+----------+-------------------------------------------
     0 | D:1      | hilaritas the Deep Elf Ice Elementalist began the quest for the Orb.
     0 | D:1      | Reached XP level 1. HP: 10/10 MP: 6/6
    51 | D:1      | Reached XP level 2. HP: 15/15 MP: 2/8
   107 | D:1      | Learned a level 2 spell: Throw Frost
   157 | D:1      | Reached skill level 4 in Ice Magic
   689 | D:1      | Reached XP level 3. HP: 18/19 MP: 5/9
   978 | D:2      | Learned a level 3 spell: Ozocubu's Armour
  1443 | D:2      | Reached skill level 5 in Ice Magic
  1739 | D:2      | Found a shadowy altar of Dithmenos.
  1794 | D:2      | Reached XP level 4. HP: 18/24 MP: 4/10
  2334 | D:2      | Found a hazy altar of Hepliaklqana.
  2451 | D:2      | Reached skill level 1 in Shields
  2736 | D:3      | Reached XP level 5. HP: 28/28 MP: 9/13
  3023 | D:3      | Reached skill level 5 in Spellcasting
  3032 | D:3      | Learned a level 4 spell: Throw Icicle
  3037 | D:3      | Learned a level 4 spell: Summon Ice Beast
  3383 | D:3      | Noticed Terence
  3389 | D:3      | Killed Terence
  3773 | D:4      | Reached XP level 6. HP: 23/32 MP: 7/17
  3774 | D:4      | Noticed Robin
  3781 | D:4      | Killed Robin
  3790 | D:4      | Reached skill level 1 in Charms
  3928 | D:4      | Found a radiant altar of Vehumet.
  3934 | D:4      | Became a worshipper of Vehumet
  4164 | D:4      | Noticed Sigmund
  4173 | D:4      | Killed Sigmund
  4173 | D:4      | Reached skill level 1 in Summonings
  4436 | D:4      | Noticed Agrougrou's ghost (novice DsFi)
  4449 | D:4      | Killed Agrougrou's ghost
  4449 | D:4      | Reached skill level 6 in Ice Magic
  4449 | D:4      | Reached XP level 7. HP: 28/36 MP: 0/18
  5038 | D:4      | Reached skill level 7 in Ice Magic
  5086 | D:4      | Found a glowing golden altar of the Shining One.
  5115 | D:5      | Entered Level 5 of the Dungeon
  5175 | D:5      | Reached XP level 8. HP: 41/41 MP: 9/19
  6434 | D:6      | Noticed Eustachio
  6442 | D:6      | Killed Eustachio
  6442 | D:6      | Reached skill level 8 in Ice Magic
  6785 | D:6      | Reached skill level 5 in Conjurations
  6896 | D:6      | Reached * piety under Vehumet
  6896 | D:6      | Offered knowledge of Magic Dart by Vehumet.
  7052 | D:6      | Found a transporter.
  7057 | D:6      | Found a transporter.
  7075 | D:6      | Found a basalt altar of Yredelemnul.
  7447 | D:6      | Got an iridescent dagger
  7448 | D:6      | Identified the cursed +1 dagger "Hidaen" {speed, Int+4 Stlth+} (You found it on level 6 of the Dungeon)
  7476 | D:6      | Found an ancient bone altar of Kikubaaqudgha.
  7478 | D:6      | Noticed Menkaure
  7578 | D:6      | Reached skill level 9 in Ice Magic
  7582 | D:6      | Gained mutation: Your magical capacity is low. (-10% MP) [potion of mutation]
  7582 | D:6      | Gained mutation: Your magical capacity is very low. (-20% MP) [potion of mutation]
  7582 | D:6      | Gained mutation: You have large cloven feet. [potion of mutation]
  7582 | D:6      | Gained mutation: You are resistant to hostile enchantments. (MR+) [potion of mutation]
  7602 | D:6      | Killed Menkaure
  7605 | D:6      | HP: 4/41 [something (4)]
  7611 | D:6      | HP: 4/61 [something (5)]
  7617 | D:6      | HP: 1/61 [something (8)]
  7618 | D:6      | Slain by a vampire

Skill      XL: |  1  2  3  4  5  6  7  8 |
---------------+-------------------------+-----
Ice Magic      | 4 5 6 7 9 |  9.2
Conjurations   | 2 3 5 |  5.6
Shields        | 1 2 3 |  3.0
Spellcasting   | 4 6 |  6.0
Charms         | 1 2 |  2.2
Summonings     | 2 |  2.4
Dodging        | |  2.4
Stealth        | |  2.4

Action                   |  1- 3 |  4- 6 |  7- 9 || total
-------------------------+-------+-------+-------++-------
Melee: Short sword       |     4 |    31 |    31 ||    66
       Unarmed           |     2 |       |       ||     2
       Dagger            |       |       |    22 ||    22
 Cast: Freeze            |    62 |   100 |    33 ||   195
       Throw Frost       |     4 |     6 |    46 ||    56
       Ozocubu's Armour  |       |     3 |     3 ||     6
       Throw Icicle      |       |       |    20 ||    20
       Summon Ice Beast  |       |       |     1 ||     1
  Use: Scroll            |       |     9 |     2 ||    11
       Potion            |       |       |     9 ||     9
 Stab: Distracted        |       |       |     1 ||     1
  Eat: Chunk             |     3 |     6 |     5 ||    14
       Fruit             |       |     1 |       ||     1
       Royal jelly       |       |       |     1 ||     1
       Bread ration      |       |       |     1 ||     1
Armor: Robe              |     7 |    10 |       ||    17
       Animal skin       |       |     5 |    34 ||    39
       Skin              |       |       |    14 ||    14
Dodge: Dodged            |    39 |    55 |    44 ||   138
Block: Buckler           |       |    13 |    19 ||    32
